 Dungeon Crawl Stone Soup version 0.29-a0-231-g945431f764 (webtiles) character file.

Game seed: 4745087958742980810

149 GraveyardiganJr the Ducker (level 5, -7/41 HPs)
             Began as a Merfolk Gladiator on Feb 28, 2022.
             Was an Initiate of Yredelemnul.
             Mangled by a phantom (8 damage)
             ... on level 4 of the Dungeon.
             The game lasted 00:16:20 (1534 turns).

GraveyardiganJr the Ducker (Merfolk Gladiator)      Turns: 1534, Time: 00:16:22

Health: -7/41      AC:  5    Str: 14    XL:     5   Next: 31%
Magic:  5/5        EV: 15    Int:  9    God:    Yredelemnul [......]
Gold:   96         SH:  5    Dex: 22    Spells: 4/4 levels left

rFire   . . .      SeeInvis .   a - +0 rapier
rCold   . . .      Faith    .   (no shield)
rNeg    . . .      Spirit   .   f - +0 leather armour
rPois   .          Reflect  +   c - +0 helmet
rElec   .          Harm     .   n - +0 cloak
rCorr   .          Rampage  .   (no gloves)
Will    .....                   (no boots)
Stlth   ++........              j - amulet of reflection
HPRegen 0.13/turn               q - +6 ring of dexterity
MPRegen 0.09/turn               (no ring)

@: no status effects
A: (nimble swimmer 2), mertail
a: Renounce Religion, Recall Undead Harvest


You were on level 4 of the Dungeon.
You worshipped Yredelemnul.
Yredelemnul was noncommittal.
You visited 1 branch of the dungeon, and saw 4 of its levels.

You collected 96 gold pieces.

Inventory:

Hand Weapons
 a - a +0 rapier (weapon)
 b - a +3 arbalest of freezing
 o - a +0 long sword
 w - a +0 dagger
Missiles
 d - 3 throwing nets
 h - 29 stones (quivered)
 p - 3 poisoned darts
Armour
 c - a +0 helmet (worn)
 f - a +0 leather armour (worn)
 n - a +0 cloak (worn)
Jewellery
 j - an amulet of reflection (around neck)
 q - a +6 ring of dexterity (left hand)
Wands
 v - a wand of paralysis (11)
Potions
 e - a potion of cancellation
 k - a potion of lignification
 t - a potion of mutation {unknown}


   Skills:
 + Level 3.0 Fighting
 * Level 3.1(4.2) Short Blades
 - Level 4.4(4.9) Long Blades
 + Level 2.3 Throwing
 - Level 0.2 Armour
 + Level 4.8 Dodging
 + Level 1.0 Stealth
 + Level 0.1 Shields


You had 4 spell levels left.
You didn't know any spells.
Your spell library was empty.

Dungeon Overview and Level Annotations

Branches:
Dungeon (5/15)
 Temple: D:4-7

Altars:
Makhleb
Nemelex Xobeh
Trog
Yredelemnul
Zin

Shops:
D:2 :

Annotations:
D:2 Sigmund


Innate Abilities, Weirdness & Mutations

((You are very nimble when in or above water. (Stealth+, EV+, Speed+++)))
Your lower body shifts to a powerful aquatic tail in water.


Message History

You block the phantom's attack.
You hit the kobold.
You kill the kobold!
A black mist starts to gather...
The phantom hits you.
Unknown command.
Found a scroll of vulnerability.
An orc priest comes into view. It is wielding a +0 hand axe.
The orc priest shouts!
The phantom hits your kobold zombie!
Your kobold zombie is destroyed!
The orc priest moves out of view.
Found 8 gold pieces.
An orc comes into view. It is wielding a +0 trident.
The phantom hits you but does no damage.
The orc priest hits you with a +0 hand axe.
You see here a +0 club.
You closely miss the orc priest.
The orc priest calls down the wrath of Beogh upon you.
Beogh smites you!
* * * LOW HITPOINT WARNING * * *
You block the phantom's attack.
The orc shouts!
You hit the orc priest.
The orc priest is lightly wounded.
The orc priest misses you.
The phantom hits you but does no damage.
You puncture the orc priest!
The orc priest is severely wounded.
The orc priest barely misses you. The phantom closely misses you.
You hit the orc priest.
The orc priest is almost dead.
You block the orc priest's attack. The phantom barely misses you.
You hit the orc priest but do no damage.
The orc priest is almost dead.
The orc priest calls down the wrath of Beogh upon you.
Pain shoots through your body!
* * * LOW HITPOINT WARNING * * *
The orc closely misses you. The phantom hits you!
You die...
Your body rises from the dead as a mindless zombie.

# #.# ##
###.... .#
...#.##.### ?
... ...## #.#..
....#
#.#o#.#.##....#
......o.......#
......#.#W##..#
###..##o@>....#
..............#
###...#########
...... ##.#. ..
.. # .# .$


You could see a phantom, an orc priest and an orc.

Vanquished Creatures
  An adder (D:5)
  2 worms (D:2)
  3 dart slugs (D:1)
  4 bats (D:1)
  2 endoplasms (D:1)
  3 giant cockroaches
  3 goblins
  6 hobgoblins
  3 kobolds
  2 ball pythons (D:1)
  3 frilled lizards
  2 rats
34 creatures vanquished.

Vanquished Creatures (collateral kills)
  An ice beast (D:5)
1 creature vanquished.

Vanquished Creatures (others)
  A kobold zombie (D:4)
1 creature vanquished.

Grand Total: 36 creatures vanquished

Notes
Turn   | Place    | Note
-------+----------+-------------------------------------------
     0 | D:1      | GraveyardiganJr the Merfolk Gladiator began the quest for
                  | the Orb.
     0 | D:1      | Reached XP level 1. HP: 16/16 MP: 1/1
   382 | D:1      | Reached XP level 2. HP: 22/22 MP: 2/2
   767 | D:1      | Reached XP level 3. HP: 27/27 MP: 3/3
  1223 | D:2      | Found Qeogh's Book Shop.
  1407 | D:2      | Noticed Sigmund
  1423 | D:2      | You fall into a shaft and drop 2 floors!
  1423 | D:4      | Found a burning altar of Makhleb.
  1423 | D:4      | Found a bloodstained altar of Trog.
  1423 | D:4      | Found a sparkling altar of Nemelex Xobeh.
  1423 | D:4      | Found a glowing silver altar of Zin.
  1467 | D:5      | Entered Level 5 of the Dungeon
  1472 | D:5      | Reached skill level 1 in Short Blades
  1472 | D:5      | Reached XP level 4. HP: 23/34 MP: 4/4
  1492 | D:5      | Found a basalt altar of Yredelemnul.
  1500 | D:5      | Became a worshipper of Yredelemnul the Dark
  1507 | D:5      | Noticed a phantom
  1507 | D:5      | Noticed an ice beast
  1514 | D:5      | Killed an ice beast
  1515 | D:5      | Reached skill level 1 in Stealth
  1515 | D:5      | Reached XP level 5. HP: 27/41 MP: 5/5
  1534 | D:4      | HP: 1/41 [orc priest/nerve-wracking pain (7)]
  1534 | D:4      | Mangled by a phantom

Illustrated notes

Levels and vault maps discovered:
D:1:      eino_arrival_tree_alley, layout_basic
D:2:      layout_rooms, serial_shops, shop, uniq_sigmund
D:4:      minmay_spotlight, layout_basic, nicolae_overflow_hidden_temple,
          portal_sewer_entry_d
D:5:      layout_rooms, lemuel_doored_altar,
          mainiacjoe_overflow_surrounded_room, serial_shops, nicolae_square_shop

Skill      XL: |  1  2  3  4 |
---------------+-------------+-----
Long Blades    | 4 |  4.4
Short Blades   | 1 3 |  3.1
Fighting       | 3 |  3.0
Stealth        | 1 |  1.0
Throwing       | |  2.3
Armour         | |  0.2
Dodging        | |  4.8
Shields        | |  0.1

Action                   |  1- 3 |  4- 6 || total
-------------------------+-------+-------++-------
Melee: Long sword        |    31 |       ||    31
       Dagger            |    14 |       ||    14
       Rapier            |    14 |     8 ||    22
 Fire: Arbalest          |     6 |     2 ||     8
Throw: Stone             |    12 |       ||    12
  Use: Scroll            |     4 |     3 ||     7
       Potion            |     1 |       ||     1
 Stab: Sleeping          |     1 |       ||     1
Armor: Leather armour    |     8 |     2 ||    10
Dodge: Dodged            |    28 |     8 ||    36
Block: Other             |     1 |     4 ||     5
       Reflection        |     1 |       ||     1

Table legend: (Time is in decaauts)
 A = Elapsed time spent in this place.
 B = Non-inter-level travel time spent in this place.
 C = Inter-level travel time spent in this place.
 D = Time resting spent in this place.
 E = Time spent auto-exploring this place.
 F = Levels seen in this place.
 G = Mean time per level.
                   A        B        C        D        E       F      G
               +--------+--------+--------+--------+--------+-----+--------+
         Total |   1529 |   1490 |     39 |     36 |    950 |   4 |  382.2 |
       Dungeon |   1529 |   1490 |     39 |     36 |    950 |   4 |  382.2 |
               +--------+--------+--------+--------+--------+-----+--------+

Top non-repeatable levels by time:
     D:1: 1091 daAuts
     D:2: 325 daAuts
     D:4: 59 daAuts
     D:5: 53 daAuts
